 Dungeon Crawl Stone Soup version 0.17.3-4-g93a25c67f4 (webtiles) character file.

487258 WanderinGondola the Sensei (level 23, -1/196 HPs)
             Began as a Mummy Monk on Feb 18, 2024.
             Slain by a vampire knight
             ... wielding a +2 war axe of chopping
              (4 damage)
             ... on level 15 of the Dungeon on Feb 19, 2024.
             The game lasted 04:53:53 (139021 turns).

WanderinGondola the Sensei (Mummy Monk)           Turns: 139021, Time: 04:53:53

Health: -1/196     AC: 11    Str: 16    XL:     23   Next: 81%
Magic:  21/21      EV: 30    Int: 11    God:
Gold:   4855       SH: 17    Dex: 29    Spells: 0 memorised, 22 levels left

rFire  x . .     SeeInvis +       - Unarmed
rCold  + + .     Clarity  .     (no armour)
rNeg   + + +     SustAt   .     w - +2 shield
rPois  ∞         Gourm    .     R - +2 hat {rC+}
rElec  .         Spirit   .     u - +2 cloak
rCorr  .         Warding  .     h - +2 pair of gloves {Dex+3}
rMut   .         Stasis   .     j - +2 pair of boots of the Assassin {DetectMon Stab+ Stlth++}
MR     ++...                    (no amulet)
Stlth  ++++++++..               o - ring of see invisible
                                A - +5 ring of dexterity

@: very resistant to hostile enchantments, extraordinarily stealthy
A: no food or potions, fire vulnerability, cold resistance 1, negative energy
resistance 3, torment resistance, unbreathing, in touch with death 1, restore
body
a: Self-Restoration
}: 2/15 runes: barnacled, gossamer


You were on level 15 of the Dungeon.
You were not hungry.

You visited 11 branches of the dungeon, and saw 54 of its levels.
You also visited: Labyrinth, Ossuary and Ice Cave.

You collected 5514 gold pieces.
You spent 659 gold pieces at shops.


Innate Abilities, Weirdness & Mutations

You do not eat or drink.
Your flesh is vulnerable to fire.
You are immune to poison.
Your flesh is cold resistant.
You are immune to negative energy.
You are immune to unholy pain and torment.
You can survive without breathing.
You are in touch with the powers of death.
You can restore your body by infusing magical energy.


   Skills:
 - Level 20.0 Fighting
 - Level 4.8 Armour
 + Level 14.4 Dodging
 - Level 13.5 Stealth
 - Level 15.0 Shields
 - Level 21.0 Unarmed Combat


You had 22 spell levels left.
You didn't know any spells.

Inventory:

Missiles
 l - 81 large rocks (quivered) {Ruk}
Armour
 h - a +2 pair of gloves of dexterity (worn)
 j - the +2 pair of boots of the Assassin (worn) {DetectMon Stab+ Stlth++}

   It makes you much more stealthy.
 u - a +2 cloak (worn)
 w - a +2 shield (worn)
 C - the +4 cloak "Bigoe" {rElec rF- Str+3 Dex+6}

   It affects your strength (+3).
   It affects your dexterity (+6).
   It makes you vulnerable to fire.
   It insulates you from electricity.
 J - a +2 helmet
 R - a +2 hat of cold resistance (worn)
 V - the +0 large shield of Haddaese {MP+9 Str+6 Dex+5}

   It affects your strength (+6).
   It affects your dexterity (+5).
   It affects your magic capacity (+9).
Jewellery
 o - a ring of see invisible (right hand)
 t - an uncursed ring of ice
 v - an uncursed ring of magical power
 x - an uncursed ring of fire
 A - a +5 ring of dexterity (left hand)
 F - a +5 ring of protection
 K - an uncursed ring of sustain attributes
 S - an uncursed ring of protection from cold
 U - an uncursed ring of teleportation
 W - an uncursed ring of loudness
Scrolls
 a - 11 scrolls of remove curse
 b - 6 scrolls of random uselessness
 c - 7 scrolls of blinking {!r}
 d - 9 scrolls of amnesia
 g - 6 scrolls of immolation {!r}
 k - 7 scrolls of recharging
 m - 6 scrolls of fear
 n - 3 scrolls of enchant armour
 p - 3 scrolls of holy word {!r}
 s - 8 scrolls of teleportation {@r4 !r}
 y - 3 scrolls of noise {!r}
 z - 8 scrolls of fog
 D - 14 scrolls of identify {@r1}
 E - 4 scrolls of vulnerability {!r}
 G - 2 scrolls of silence {!r}
 H - 4 scrolls of enchant weapon
 P - 2 scrolls of torment
 T - 3 scrolls of magic mapping
Comestibles
 i - 2 royal jellies
 I - 19 fruits

Dungeon Overview and Level Annotations

Branches:
Dungeon (15/15)            Temple (0/1) D:4            Lair (8/8) D:8
 Shoals (4/4) Lair:3       Spider (4/4) Lair:4        Slime (6/6) Lair:6
    Orc (4/4) D:11            Elf (3/3) Orc:4        Vaults (4/5) D:14
  Crypt (3/3) Vaults:3       Tomb (1/3) Crypt:3      Depths (2/5) D:15

Altars:
Dithmenos
Elyvilon
Kikubaaqudgha
Okawaru
Ru
Trog
Vehumet
Xom
Yredelemnul
Zin
The Shining One
Beogh
Lugonu

Shops:
D:10 [   D:13 (   D:15 ?   Orc:4 ([(%   Elf:3 *   Shoals:1 [   Shoals:2 [

Portals:
Hell: Depths:1
Abyss: Depths:1
Pandemonium: Depths:2

Annotations:
D:14 exclusion: 2 doors
Lair:5 eye
Lair:7 Swampy Sanctuary
Shoals:2 exclusion: door
Shoals:4 1 exclusion
Spider:2 exclusion: upstairs
Slime:4 exclusion: acid blob
Slime:5 exclusion: 2 downstairs
Slime:6 Dissolution, Royal Jelly
Orc:2 exclusion: upstairs
Elf:2 5 runed doors, exclusions: 5 doors and 7 more exclusions
Vaults:2 exclusion: door, Asterion
Vaults:3 exclusion: fire crab
Vaults:4 exclusions: ironbrand convoker, jumping spider, 3 redbacks, tarantella, 2 two-headed ogres and yaktaur
Crypt:3 exclusion: profane servitor
Depths:1 3 runed doors

▒.......................▒▒▒▒▒
▒..........#.)...............
▒......[[[÷[#.≈.≈.≈..........
▒......)[..#≈##▒≈≈≈≈.........
▒.........≈≈▒###≈≈▒≈≈....▒▒▒.
▒..........≈≈#≈#≈≈≈≈.....▒.▒+
▒▒.......[..≈≈≈###≈#≈#....▒...
▒........(.≈(#V(>[≈≈▒.....▒...
▒...../...[(≈M#!#.≈≈≈#....▒...
▒.........()≈W###≈≈≈≈.....▒...
▒.........)≈≈▒≈#≈≈#▒≈≈....▒...
▒.......(...#≈##▒≈≈#≈.....▒...
▒...........##.#.≈.≈......▒...
▒...............).........▒▒▒.
▒...........................▒.
▒.........................▒'▒.
▒.[.).............▒▒▒▒▒▒..▒...


You could see a vampire knight (invisible) and a phantasmal warrior.


Message History

* * * don't die * * * x2
Something closely misses you!
Reactivating autopickup!
o - a ring of see invisible (right hand)
You take 36 damage, and have 57/196 hp!
You squash the vampire knight but do no damage!
You block the vampire knight's attack! x2
The phantasmal warrior hits you!!! * * * don't die
* * * You take 10 damage, and have 47/196 hp!
Press: ? - help, v - describe, ! - travel, g - get item
Here: a vampire knight, wielding a war axe of chopping and wearing a plate armour (fast, slightly transparent)
A stone!
There is something else lying underneath!
The floor, spattered with blood!
You squash the vampire knight like an ant!!!!!!!!!
The vampire knight is heavily damaged!
The vampire knight hits you with a war axe of chopping!!!!!! * * * don't die * * * x2
The vampire knight bites you but does no damage!
The phantasmal warrior misses you!
You take 24 damage, and have 23/196 hp!
Unknown command!
You pulverise the vampire knight!!!
The vampire knight is severely damaged!
You pummel the vampire knight like a punching bag!!!!!!
The vampire knight is almost destroyed!
The vampire knight hits you with a war axe of chopping!!!!!! * * * don't die * * * rip

Action                   |  1- 3 |  4- 6 |  7- 9 | 10-12 | 13-15 | 16-18 | 19-21 | 22-24 || total
-------------------------+-------+-------+-------+-------+-------+-------+-------+-------++-------
Melee: Unarmed           |   197 |   316 |   634 |  1652 |  3042 |  3340 |  3777 |  2226 || 15184
 Abil: Self-Restoration  |       |       |       |       |       |     1 |       |     1 ||     2
  Use: Scroll            |       |       |     5 |    14 |     6 |     5 |    11 |    12 ||    53
 Stab: Sleeping          |     3 |     6 |     3 |    36 |    84 |    29 |    42 |    40 ||   243
       Distracted        |     1 |       |     1 |     7 |    22 |    16 |    25 |    17 ||    89
       Held in net/web   |       |       |     1 |       |       |     5 |       |       ||     6
       Confused          |       |       |       |       |       |       |       |     5 ||     5

Vault maps used:
D:1:      matt_arrival_grand_opening, minmay_ruptured
D:2:      lemuel_round_altar, first_bread, ecumenical_altar_2, minmay_distorted
D:3:      wad_woods_stonehenge
D:4:      marbit_many_paths, temple_pool_a, uniq_blork_the_orc
D:5:      nicolae_dithmenos_shadow_blocks
D:7:      nicolae_ossuary_entry_ruins, xom_redecorated
D:8:      minmay_cut_squares, amethyst_overflow_temple_binary, lair_0_dummy,
          grunt_livestock
D:9:      old_standard_altar, lemuel_round_altar,
          lemuel_mausoleum_altar_kikubaaqudgha
D:10:     serial_shops, shop, dk_yredelemnul_ordeal
D:11:     hiddenorc1_lemuel
D:12:     portal_ice_cave_entry_pillars_02
D:13:     serial_shops, shop
D:14:     kennysheep_seaside_town, grunt_vaults_entry_tiered, kennysheep_path_1,
          uniq_azrael
D:15:     grunt_enter_depths_giant_problem, serial_shops, shop_fountains,
          corexii_leaking_fountain
Lair:1:   uniq_sonja
Lair:2:   nicolae_quartered_pool_little
Lair:3:   dragon1_lemuel, elwin_shoals_entry_rooms
Lair:4:   beast_lair_carwin_large_1, spider_nest_entry_webs,
          lemuel_centaur_altar, serial_bayou_shore_a
Lair:5:   grunt_megastairs_2, serial_bayou_shore_b
Lair:6:   minmay_slime_entry_pillars
Lair:7:   uniq_maud
Lair:8:   hangedman_lair_tendril_chambers, guppyfry_lair_end_dragon,
          lab_entry_generic
Shoals:1: serial_shops, nicolae_shop_waterfront, nicolae_shoals_circle_sea_wall
Shoals:2: serial_shops, shop, st_sunken_temple
Shoals:4: shoals_end_simple, shoals_ilsuiw_ice, uniq_polyphemus
Spider:1: uniq_kirke
Spider:2: lemuel_spider_zombies, uniq_nikola
Spider:4: grunt_spider_rune_parallel
Slime:1:  cheibrodos_slime_lost_civilization_2
Slime:2:  nicolae_slime_round_cave
Slime:3:  cheibrodos_slime_lost_civilization_7
Slime:6:  uniq_dissolution
Orc:2:    basic_altar, mines2_david
Orc:3:    nicolae_orc_pool_cavern, uniq_nessos
Orc:4:    grunt_orc_community_town_hall, grunt_orc_community_big_house_2,
          grunt_orc_community_big_house_2, grunt_orc_community_house_2,
          grunt_orc_community_house_1, grunt_orc_community_house_1,
          grunt_orc_community_house_1, grunt_orc_community_house_3, rock_pile
Elf:1:    minmay_elf_crystal_heptagon
Elf:3:    grunt_elf_hall_diamonds, serial_shops, nicolae_shop_waterfront
Vaults:1: vaults_room_corners, ontoclasm_vaults_gateway, v_alt_pattern_5,
          v_rooms_5, v_alt_pattern_6, grunt_vaults_hallway_long,
          nicolae_vaults_stairing_the_circle, nicolae_vaults_little_squares_3,
          vaults_dpeg_ring
Vaults:2: vaults_room_pool, hangedman_vaults_cutoff, st_cells, v_misc_1,
          ontoclasm_vaults_loading_screen, vaults_room_boxed, vaults_room_fours,
          nicolae_vaults_twisting_passages, nicolae_vaults_asterisk, v_misc_25,
          vaults_room_grid, hangedman_vaults_restitches, uniq_asterion,
          uniq_aizul
Vaults:3: hangedman_vaults_stagger, ontoclasm_vaults_fire_temple, v_misc_12,
          minmay_crypt_entry_simple_box, ontoclasm_vaults_bender,
          hangedman_vaults_trim, v_alt_pattern_4, v_rooms_4,
          vaults_mumra_chevron, v_misc_10, v_rooms_3, nicolae_vaults_asterisk,
          nicolae_vaults_shelves_hall, vaults_room_hallway, uniq_jorgrun
Vaults:4: v_rooms_1, vaults_mumra_chevron_long, ontoclasm_vaults_chip,
          nicolae_vaults_little_squares_6, nicolae_trove_entry_crossroad,
          serial_shops, shop, uniq_saint_roka, uniq_donald
Crypt:2:  uniq_boris
Crypt:3:  grunt_crypt_end_deaths_head
Depths:1: serial_glass, glass_columns_b, glass_columns_a,
          abyss_entry_flame_altar, hell_entry, hangedman_decor_clover_reticule,
          grunt_ministairs_13, minivault_22, nicolae_water_bricks,
          mikee_hates_you
Depths:2: kennysheep_large_spiral, enter_ziggurat_c, grunt_mini_vestibule,
          pan_entry, minmay_misc_feat_nine_boxes, infiniplex_staircase_zigzag_5
Lab:      labyrinth_watery, lab_hedge, labyrinth_skeletal_remains,
          nicolae_lab_t_cross
Ossuary:  ossuary_the_hunt_dpeg
IceCv:    ice_cave_small_necro

Notes
Turn   | Place    | Note
--------------------------------------------------------------
     0 | D:1      | WanderinGondola the Mummy Monk began the quest for the Orb.
     0 | D:1      | Reached XP level 1. HP: 18/18 MP: 1/1
   281 | D:1      | Reached XP level 2. HP: 14/24 MP: 2/2
  1496 | D:2      | Found a radiant altar of Vehumet.
  1504 | D:2      | Reached skill level 4 in Unarmed Combat
  1813 | D:2      | Reached XP level 3. HP: 29/29 MP: 3/3
  1888 | D:2      | Found a faded altar to an unknown god.
  2851 | D:2      | Reached XP level 4. HP: 27/35 MP: 4/4
  3080 | D:3      | Found a sacrificial altar of Ru.
  3553 | D:3      | Reached skill level 5 in Unarmed Combat
  4359 | D:3      | Reached XP level 5. HP: 22/41 MP: 5/5
  4812 | D:4      | Reached skill level 4 in Fighting
  4992 | D:4      | Noticed an ogre
  5207 | D:4      | Noticed Blork the orc
  5598 | D:4      | Found a bloodstained altar of Trog.
  5834 | D:4      | Found a staircase to the Ecumenical Temple.
  5991 | D:5      | Entered Level 5 of the Dungeon
  6015 | D:5      | hmm
  6143 | D:5      | Reached skill level 5 in Fighting
  6193 | D:5      | Reached XP level 6. HP: 39/51 MP: 6/6
  6309 | D:5      | Noticed an ice beast
  6348 | D:5      | Killed an ice beast
  6348 | D:5      | Reached skill level 3 in Dodging
  6786 | D:5      | Found a shadowy altar of Dithmenos.
  6791 | D:5      | Noticed an ice beast
  6830 | D:5      | Reached XP level 7. HP: 47/56 MP: 7/7
  6850 | D:5      | Killed an ice beast
  7130 | D:5      | Noticed a centaur
  7175 | D:3      | Reached skill level 6 in Unarmed Combat
  7450 | D:4      | Killed an ogre
  7704 | D:5      | Killed a centaur
  7829 | D:5      | Reached skill level 6 in Fighting
  8331 | D:6      | Reached XP level 8. HP: 45/64 MP: 8/8
  8541 | D:6      | Reached skill level 7 in Unarmed Combat
  9196 | D:7      | Found a sand-covered staircase.
  9232 | Ossuary  | Entered an ossuary
  9564 | Ossuary  | Reached skill level 7 in Fighting
  9649 | D:7      | Found a shimmering altar of Xom.
  9652 | D:7      | Found a shimmering altar of Xom.
  9654 | D:7      | Found a shimmering altar of Xom.
  9654 | D:7      | Found a shimmering altar of Xom.
 10028 | D:7      | Found a shimmering altar of Xom.
 10039 | D:7      | Found a shimmering altar of Xom.
 10279 | D:6      | Reached skill level 8 in Unarmed Combat
 10410 | D:6      | Got a faintly glowing robe
 11134 | D:7      | Reached XP level 9. HP: 67/72 MP: 9/9
 11144 | D:7      | Reached skill level 4 in Dodging
 11170 | D:8      | Noticed a cyclops
 11489 | D:8      | Noticed a centaur warrior
 11490 | D:8      | Hmm
 11621 | D:6      | Killed Blork the orc
 11720 | D:6      | thanks blorke
 12009 | D:7      | Reached skill level 8 in Fighting
 12025 | D:7      | Reached skill level 1 in Shields
 12813 | D:7      | Reached skill level 2 in Shields
 12866 | D:6      | Killed a cyclops
 12866 | D:6      | Reached skill level 3 in Shields
 13324 | D:7      | Reached skill level 4 in Shields
 14277 | D:7      | Reached skill level 5 in Shields
 14323 | D:7      | Killed a centaur warrior
 14323 | D:7      | Reached skill level 5 in Dodging
 14323 | D:7      | Reached XP level 10. HP: 28/80 MP: 10/10
 14684 | D:8      | Reached skill level 6 in Dodging
 14823 | D:8      | wait what
 15554 | D:8      | Found a staircase to the Lair.
 15578 | D:8      | Reached skill level 6 in Shields
 16407 | D:8      | Found a glowing silver altar of Zin.
 16417 | D:8      | Found an iron altar of Okawaru.
 16578 | D:9      | Reached skill level 9 in Unarmed Combat
 16946 | D:9      | Found a shadowy altar of Dithmenos.
 17220 | D:9      | Found a white marble altar of Elyvilon.
 17683 | D:9      | Found an ancient bone altar of Kikubaaqudgha.
 17992 | D:9      | Reached skill level 7 in Dodging
 18132 | D:10     | Entered Level 10 of the Dungeon
 18132 | D:10     | Found Yveidgh's Antique Armour Emporium.
 18319 | D:10     | Reached skill level 7 in Shields
 18336 | D:10     | Reached XP level 11. HP: 78/86 MP: 11/11
 18380 | D:10     | Identified a scroll of acquirement
 18744 | D:10     | Found a runed door.
 18746 | D:10     | Found a basalt altar of Yredelemnul.
 19185 | Lair:1   | Entered Level 1 of the Lair of Beasts
 19446 | Lair:1   | Noticed Sonja
 20383 | Lair:1   | Reached skill level 9 in Fighting
 20903 | Lair:1   | Reached skill level 2 in Stealth
 21181 | Lair:2   | Reached skill level 3 in Stealth
 21538 | Lair:1   | Reached skill level 4 in Stealth
 22431 | Lair:2   | Reached skill level 5 in Stealth
 23972 | Lair:3   | Reached skill level 10 in Unarmed Combat
 24123 | Lair:3   | Reached XP level 12. HP: 80/95 MP: 12/12
 24209 | Lair:3   | Reached skill level 8 in Dodging
 24280 | Lair:3   | Found a staircase to the Shoals.
 25647 | Lair:4   | Found a hole to the Spider Nest.
 25655 | Lair:4   | Reached skill level 10 in Fighting
 25831 | Lair:4   | Noticed an eight-headed hydra
 26237 | Lair:5   | Reached skill level 8 in Shields
 26864 | Lair:5   | Reached skill level 9 in Shields
 27846 | Lair:4   | Found a glowing golden altar of the Shining One.
 29102 | Lair:6   | Reached skill level 10 in Shields
 29696 | Lair:6   | Found a staircase to the Slime Pits.
 29871 | Lair:6   | Got an ancient cloak
 29872 | Lair:6   | Identified the +4 cloak "Bigoe" {rElec rF- Str+3 Dex+6} (You found it on level 6 of the Lair of Beasts)
 30406 | Lair:3   | Gained mutation: You are in touch with the powers of death. [Mummy growth]
 30406 | Lair:3   | Gained mutation: You can restore your body by infusing magical energy. [Mummy growth]
 30406 | Lair:3   | Reached XP level 13. HP: 104/104 MP: 13/13
 30889 | Lair:3   | Noticed a fire dragon
 31249 | Lair:7   | Noticed Maud
 31378 | Lair:6   | Killed Maud
 31378 | Lair:6   | Reached skill level 11 in Unarmed Combat
 31904 | Lair:7   | Reached skill level 11 in Fighting
 32125 | Lair:6   | Reached skill level 9 in Dodging
 33246 | Lair:8   | Entered Level 8 of the Lair of Beasts
 33550 | Lair:8   | Found a labyrinth entrance.
 33557 | Lab      | Entered a labyrinth
 34579 | Lair:8   | Reached skill level 12 in Unarmed Combat
 35438 | Lair:1   | Reached skill level 10 in Dodging
 35622 | Lair:1   | Killed Sonja
 36291 | D:11     | Found a staircase to the Orcish Mines.
 36532 | D:10     | Reached XP level 14. HP: 113/113 MP: 14/14
 37097 | Orc:1    | Entered Level 1 of the Orcish Mines
 38288 | Orc:3    | Noticed Nessos
 38305 | Orc:3    | Killed Nessos
 38730 | Orc:4    | Entered Level 4 of the Orcish Mines
 38739 | Orc:4    | Noticed an orc warlord
 39130 | Orc:3    | Killed an orc warlord
 39446 | Orc:4    | Found a roughly hewn altar of Beogh.
 40179 | Orc:4    | Noticed an orc warlord
 40847 | Orc:2    | Found a roughly hewn altar of Beogh.
 40946 | Orc:2    | Found a roughly hewn altar of Beogh.
 42681 | Orc:3    | Killed an orc warlord
 42950 | Orc:3    | Reached skill level 13 in Unarmed Combat
 43195 | Orc:4    | Found a staircase to the Elven Halls.
 43325 | Orc:4    | Found a roughly hewn altar of Beogh.
 43330 | Orc:4    | Found Viuskas's Food Boutique.
 43542 | Orc:4    | Found Kaamnet's Antique Weapon Shop.
 43544 | Orc:4    | Found a roughly hewn altar of Beogh.
 43545 | Orc:4    | Found Tuwaex's Antique Armour Boutique.
 43721 | Orc:4    | Found a roughly hewn altar of Beogh.
 43726 | Orc:4    | Found Taaw's Antique Weapon Shop.
 43787 | Orc:4    | Found a roughly hewn altar of Beogh.
 43970 | Orc:4    | Found a roughly hewn altar of Beogh.
 44180 | Elf:1    | Entered Level 1 of the Elven Halls
 45186 | D:12     | Found a frozen archway.
 45195 | IceCv    | Entered an ice cave
 45327 | IceCv    | Reached skill level 12 in Fighting
 45715 | IceCv    | Found an ancient bone altar of Kikubaaqudgha.
 45774 | IceCv    | Reached skill level 6 in Stealth
 47048 | D:12     | Reached skill level 7 in Stealth
 47206 | D:13     | Reached skill level 11 in Dodging
 47568 | D:13     | Found Ogismap's Antique Weapon Boutique.
 48572 | D:14     | Reached XP level 15. HP: 120/120 MP: 15/15
 48830 | D:13     | Identified a +0 pair of boots of running (You found it on level 14 of the Dungeon)
 48830 | D:13     | blegh
 48955 | D:14     | Reached skill level 12 in Dodging
 49651 | Spider:1 | Entered Level 1 of the Spider Nest
 50804 | Spider:1 | Reached skill level 11 in Shields
 51488 | Spider:2 | Reached skill level 8 in Stealth
 51914 | Spider:2 | Reached skill level 9 in Stealth
 52243 | Spider:2 | Noticed Nikola
 54148 | Spider:2 | Reached skill level 10 in Stealth
 55846 | Spider:3 | Reached XP level 16. HP: 114/127 MP: 16/16
 56727 | Spider:4 | Entered Level 4 of the Spider Nest
 57071 | Spider:4 | Reached skill level 12 in Shields
 61323 | Spider:4 | Reached skill level 14 in Unarmed Combat
 61679 | Spider:4 | Got a gossamer rune of Zot
 62298 | Spider:1 | Killed Nikola
 62479 | Spider:1 | Noticed Kirke
 62493 | Spider:1 | Killed Kirke
 62715 | Lair:4   | Killed an eight-headed hydra
 62715 | Lair:4   | Reached XP level 17. HP: 92/133 MP: 17/17
 63265 | Shoals:1 | Entered Level 1 of the Shoals
 63413 | Lair:3   | Reached skill level 15 in Unarmed Combat
 64175 | D:14     | Found a gate to the Vaults.
 64237 | D:14     | Noticed Azrael
 64619 | D:15     | Entered Level 15 of the Dungeon
 64769 | D:15     | Found Pisk's Magic Scroll Emporium.
 64793 | D:15     | Bought a scroll of magic mapping for 59 gold pieces
 65198 | D:15     | Found a staircase to the Depths.
 66271 | D:14     | Killed Azrael
 66271 | D:14     | Reached skill level 13 in Fighting
 66663 | Vaults:1 | Entered Level 1 of the Vaults
 67655 | Slime:1  | Entered Level 1 of the Pits of Slime
 68084 | Slime:1  | Reached skill level 14 in Fighting
 68530 | Slime:1  | Reached skill level 13 in Shields
 69002 | Vaults:2 | Noticed Asterion
 70803 | Vaults:1 | Reached skill level 15 in Fighting
 71481 | Vaults:1 | Reached XP level 18. HP: 122/149 MP: 17/17
 72328 | Vaults:2 | Noticed Aizul
 72366 | Vaults:2 | Paralysed by a sphinx for 7 turns
 72375 | Vaults:2 | HP: 14/151 [sphinx (23)]
 72768 | Vaults:2 | god
 73204 | Vaults:2 | Reached skill level 16 in Fighting
 74370 | Vaults:3 | Found a staircase to the Crypt.
 74379 | Crypt:1  | Entered Level 1 of the Crypt
 77659 | Crypt:1  | Reached skill level 16 in Unarmed Combat
 79578 | Crypt:1  | Reached skill level 14 in Shields
 80463 | Crypt:2  | Noticed Boris
 80704 | Crypt:3  | Entered Level 3 of the Crypt
 81110 | Crypt:3  | Reached XP level 19. HP: 158/158 MP: 18/18
 81316 | Crypt:3  | Killed Boris
 82101 | Crypt:3  | Reached skill level 15 in Shields
 82153 | Crypt:3  | Found a basalt altar of Yredelemnul.
 82348 | Crypt:3  | Reached skill level 11 in Stealth
 83639 | Crypt:3  | Reached skill level 12 in Stealth
 85500 | Crypt:3  | Identified the +1 robe "Bulivi" {MR+++ Regen+ Dex-5 Slay-4, !W} (You found it on level 6 of the Dungeon)
 86180 | Crypt:3  | Noticed a lich
 86462 | Crypt:3  | Noticed a profane servitor
 86512 | Crypt:3  | Noticed Jory
 86572 | Crypt:3  | You forget Jory can cast LCS exactly once
 86572 | Crypt:3  | no thanks
 87560 | Crypt:3  | Noticed a lich
 87573 | Crypt:3  | Killed a lich
 87573 | Crypt:3  | Reached skill level 17 in Unarmed Combat
 88035 | Crypt:3  | bad tele
 88745 | Crypt:3  | Killed a lich
 89831 | Crypt:3  | Killed Jory
 89831 | Crypt:3  | Reached XP level 20. HP: 105/167 MP: 19/19
 90013 | Crypt:3  | Found a staircase to the Tomb.
 90505 | Tomb:1   | Entered Level 1 of the Tomb of the Ancients
 91271 | Vaults:1 | Reached skill level 17 in Fighting
 91350 | Vaults:2 | Killed Aizul
 95243 | Vaults:1 | Reached skill level 18 in Unarmed Combat
 97734 | Vaults:2 | Reached skill level 18 in Fighting
100617 | Vaults:2 | Reached XP level 21. HP: 174/178 MP: 20/20
101139 | Shoals:2 | Found Ziuxzal's Antique Armour Shoppe.
101763 | Shoals:4 | Entered Level 4 of the Shoals
101929 | Shoals:4 | Noticed Ilsuiw
102200 | Shoals:4 | Killed Ilsuiw
102577 | Shoals:4 | Noticed Polyphemus
102878 | Shoals:3 | Killed Polyphemus
103790 | Shoals:4 | Reached skill level 19 in Unarmed Combat
103955 | Shoals:4 | Got a barnacled rune of Zot
105137 | Shoals:1 | Found Umahomuice's Armour Shoppe.
110317 | Elf:1    | Reached skill level 20 in Unarmed Combat
112354 | Elf:2    | Found a huge runed gate.
112354 | Elf:2    | Found a huge runed gate.
112355 | Elf:2    | Found a huge runed gate.
112356 | Elf:2    | Found a huge runed gate.
112361 | Elf:2    | Found a huge runed gate.
112543 | Elf:3    | Entered Level 3 of the Elven Halls
113122 | Elf:2    | Reached XP level 22. HP: 163/185 MP: 21/21
113532 | Elf:3    | Found Furiho's Assorted Antiques.
113540 | Elf:3    | Bought a glowing cloak for 135 gold pieces
113540 | Elf:3    | Bought a scroll of blinking for 225 gold pieces
113540 | Elf:3    | Bought a scroll of teleportation for 90 gold pieces
113540 | Elf:3    | Bought a runed iron ring for 150 gold pieces
113816 | Elf:3    | Hmm today I will do elf without MR or RF in the hopes of finding MR or RF
114090 | Elf:3    | Got a steaming wooden ring
114094 | Elf:3    | Identified the ring of Notur {+/*Tele +Blink rC+ MP+9} (You took it off a deep elf high priest on level 3 of the Elven Halls)
116863 | Elf:2    | Reached skill level 21 in Unarmed Combat
116967 | Elf:3    | Got a bloodstained large shield
116971 | Elf:2    | Identified the cursed +0 large shield of Haddaese {MP+9 Str+6 Dex+5} (You took it off a deep elf demonologist on level 3 of the Elven Halls)
118650 | Elf:3    | Got a pitted jade ring
118652 | Elf:3    | Identified the ring "Jequjuv" {rC- MP+9 Str+7 Slay+3} (You found it on level 3 of the Elven Halls)
119003 | Orc:4    | You're telling me I have to finish vaults without MR
119015 | Orc:4    | Identified a +0 pair of boots of running (You found it on level 3 of the Elven Halls)
119414 | Lair:3   | Killed a fire dragon
119436 | Lair:3   | Got a wavering jade amulet
120779 | Lair:8   | Reached skill level 13 in Dodging
121065 | Lair:8   | jfc
122933 | Slime:2  | You fall through a shaft for 2 floors!
123734 | Slime:2  | Reached skill level 19 in Fighting
128326 | Slime:4  | Reached XP level 23. HP: 176/190 MP: 22/22
128944 | Slime:3  | Reached skill level 13 in Stealth
130079 | Slime:6  | Entered Level 6 of the Pits of Slime
131272 | Slime:6  | Reached skill level 14 in Dodging
131880 | Slime:6  | Noticed Dissolution
132164 | Slime:6  | Reached skill level 1 in Armour
132420 | Slime:6  | Reached skill level 2 in Armour
132709 | Slime:6  | Noticed the royal jelly
132769 | Slime:5  | Reached skill level 3 in Armour
133706 | Depths:1 | Entered Level 1 of the Depths
133719 | D:15     | Reached skill level 4 in Armour
136699 | Depths:1 | Found a runed door.
136700 | Depths:1 | Found a runed door.
136759 | Depths:1 | Found a runed warning-scrawled door.
136879 | Depths:1 | Found a gateway to Hell.
137819 | Depths:1 | Found a corrupted altar of Lugonu.
137819 | Depths:1 | Found a one-way gate to the infinite horrors of the Abyss.
138364 | Depths:1 | Reached skill level 20 in Fighting
138604 | Depths:2 | Found a one-way gate leading to the halls of Pandemonium.
139021 | D:15     | HP: 3/196 [vampire knight/war axe of chopping (20)]
139021 | D:15     | Slain by a vampire knight

Vanquished Creatures
  Boris (Crypt:3)
  3 liches
  2 deep elf master archers
  2 deep elf blademasters
  16 acid blobs
  Polyphemus (Shoals:3)
  2 ancient champions
  A tengu reaver (Depths:2)
  A sphinx (Vaults:1)
  Kirke (Spider:1)
  3 revenants
  Ilsuiw (Shoals:4)
  2 vault wardens
  A deep elf sorcerer (Elf:2)
  2 orc warlords (Orc:3)
  Maud (Lair:6)
  9 azure jellies
  4 fire giants
  Aizul (Vaults:2)
  3 curse skulls
  2 frost giants
  3 emperor scorpions (Spider:4)
  7 ghost moths
  8 ironheart preservers
  9 stone giants
  8 ghouls
  5 very ugly things
  A reaper (Crypt:3)
  6 deep elf demonologists
  A vampire knight (Depths:1)
  Nessos (Orc:3)
  Azrael (D:14)
  A salamander stormcaller (D:14)
  7 deep elf annihilators
  2 ettins
  2 mummy priests (Tomb:1)
  4 merfolk javelineers
  8 deep elf death magi
  9 eidola
  2 death oozes (Slime:2)
  7 yaktaur captains
  31 jiangshi
  6 entropy weavers
  6 fire dragons
  9 merfolk impalers
  A deep elf high priest (Elf:3)
  4 rakshasas
  3 vault guards (D:14)
  11 great orbs of eyes
  A hell beast (Depths:1)
  5 hydras
  5 ice dragons
  15 centaur warriors
  2 merfolk avatars (Shoals:2)
  7 ogre magi
  A deep troll shaman (Vaults:1)
  3 alligator snapping turtles
  4 dancing weapons (Elf:2)
  A spectral fire giant (Crypt:3)
  8 merfolk aquamancers
  6 death knights
  2 catoblepae
  5 tengu warriors
  7 vampire magi
  3 deep troll earth magi
  2 death yaks
  A soul eater (Crypt:3)
  7 hell knights
  An orc high priest (Orc:4)
  Sonja (Lair:1)
  A storm dragon zombie (Crypt:3)
  A fire crab (Lair:8)
  7 shadow wraiths
  18 deep elf knights
  33 skeletal warriors
  15 deep trolls
  3 unseen horrors
  14 deep elf summoners
  A wizard (Depths:1)
  7 flayed ghosts
  12 sea snakes
  17 orb spiders
  10 wolf spider zombies (Spider:2)
  A golden dragon skeleton (Crypt:2)
  3 giant orange brains
  13 hornets
  7 hill giants
  7 ironbrand convokers
  10 orc knights
  38 ugly things
  2 anaconda skeletons (Crypt:3)
  9 water nymphs
  A harpy (shapeshifter) (Depths:1)
  2 fauns (Shoals:3)
  9 necromancers
  18 shining eyes
  15 harpies
  7 phantasmal warriors
  19 deep elf conjurers
  A water nymph (shapeshifter) (Vaults:3)
  15 manticores
  2 stone giant zombies
  9 sirens
  A spectral alligator (Crypt:3)
  34 wolf spiders
  An oklob plant (Lair:6)
  An iron dragon skeleton (Crypt:1)
  20 griffons
  8 vault sentinels
  2 frost giant skeletons
  6 orc sorcerers
  4 eyes of devastation
  A guardian serpent (Lair:8)
  12 elephants
  2 moths of wrath
  An ice statue (IceCv)
  10 cyclopes
  A gargoyle (D:12)
  5 torpor snails
  6 centaur skeletons
  13 black mambas
  16 spiny frogs
  7 demonic crawlers
  6 kobold demonologists
  11 komodo dragons
  33 yaktaurs
  An efreet (D:14)
  An alligator snapping turtle skeleton (Crypt:2)
  5 fire drakes
  A black draconian skeleton (Crypt:1)
  A queen bee (shapeshifter) (Vaults:2)
  5 tengu conjurers
  17 jumping spiders
  11 trolls
  7 deep elf priests
  A shadow dragon simulacrum (Crypt:3)
  A wolf spider simulacrum (IceCv)
  A wind drake (Shoals:4)
  22 freezing wraiths
  35 merfolk
  A polar bear (shapeshifter) (Vaults:2)
  2 polar bears
  A raiju (shapeshifter) (Vaults:1)
  14 two-headed ogres
  A stone giant simulacrum (Vaults:3)
  21 blink frogs
  10 snapping turtles
  6 tarantella zombies (Spider:2)
  2 boulder beetles
  A trapdoor spider zombie (Crypt:1)
  An ushabti (Tomb:1)
  183 slime creatures
  2 small abominations (Crypt:3)
  A fire dragon zombie (Crypt:3)
  2 tarantellas (shapeshifter)
  31 trapdoor spiders
  69 redbacks
  A black mamba zombie (Crypt:2)
  A hog (D:8)
  A fire dragon skeleton (Crypt:3)
  39 deep elf magi
  29 tarantellas
  An ettin skeleton (Vaults:3)
  6 wyverns
  19 water elementals
  A golden eye (shapeshifter) (Vaults:1)
  4 shadows
  3 fire elementals (D:14)
  21 humans
  11 vampires
  14 wraiths
  53 flying skulls (Crypt:3)
  A steam dragon (Lair:8)
  68 yaks
  6 hippogriffs
  7 basilisks
  4 hungry ghosts (Lab)
  17 vampire mosquitoes
  A fire bat (shapeshifter) (Depths:1)
  27 deep elf fighters
  19 golden eyes
  3 wolves (Lair:2)
  A hill giant skeleton (Crypt:2)
  5 mottled dragons
  A wind drake skeleton (Crypt:1)
  2 yaktaur simulacra (Vaults:1)
  9 wargs
  28 water moccasins
  4 black bears
  An ogre skeleton (Vaults:1)
  A phantom (D:11)
  13 ice beasts
  8 porcupines
  9 eyes of draining
  A ghost crab zombie (Crypt:1)
  46 orc warriors
  6 sky beasts
  8 necrophages
  A hell hound (D:13)
  25 spiders
  A black bear (shapeshifter) (Elf:2)
  3 wasps
  A spider (shapeshifter) (Vaults:2)
  An eye of draining (shapeshifter) (D:15)
  49 ogres
  An alligator simulacrum (IceCv)
  16 crocodiles
  An anubis guard skeleton (Crypt:1)
  10 boggarts
  8 big kobolds
  32 centaurs
  20 giant frogs
  A brain worm (D:15)
  Blork the orc (D:6)
  A gnoll sergeant (D:9)
  An elf skeleton (D:9)
  7 spider zombies (Spider:2)
  A wyvern skeleton (D:12)
  2 scorpions
  A water moccasin zombie (D:9)
  9 killer bees
  18 wights
  5 electric eels
  A polar bear skeleton (Crypt:1)
  A raiju skeleton (Crypt:2)
  5 crimson imps
  9 hounds
  44 orc wizards
  6 draconian simulacra (IceCv)
  4 spriggan simulacra (IceCv)
  5 centaur zombies
  A gnoll shaman (D:14)
  3 human skeletons
  32 orc priests
  2 giant frog zombies
  43 jellies
  2 giant frog skeletons
  6 human zombies
  18 worker ants
  A two-headed ogre skeleton (Crypt:2)
  11 iguanas
  2 polar bear simulacra (IceCv)
  2 troll simulacra (IceCv)
  2 centaur simulacra (IceCv)
  An ogre zombie (Crypt:2)
  3 big kobold zombies (Ossuary)
  47 sheep
  A hound zombie (D:6)
  8 mummies
  2 hound skeletons
  20 gnolls
  A worker ant zombie (D:5)
  3 naga simulacra (IceCv)
  20 adders
  3 ogre simulacra (IceCv)
  52 river rats
  5 shadow imps
  12 white imps (IceCv)
  An ooze (D:6)
  3 adder skeletons
  An adder zombie (D:6)
  A halfling skeleton (Crypt:1)
  4 worms
  243 orcs
  A giant cockroach (D:3)
  11 goblins
  11 hobgoblins
  10 jackals
  3 quokkas
  A river rat zombie (Crypt:2)
  A ball python (D:2)
  7 bats
  6 giant geckos
  9 giant newts
  A goblin zombie (Crypt:2)
  3 hobgoblin zombies
  A jackal skeleton (D:5)
  2 jackal zombies
  27 kobolds
  An orc zombie (D:9)
  A quokka skeleton (D:5)
  A quokka zombie (D:5)
  10 rats
  A rat skeleton (Crypt:2)
  4 plants
  A tentacle (Shoals:2)
2754 creatures vanquished.

Vanquished Creatures (collateral kills)
  Jory (Crypt:3)
  A ghoul (Crypt:3)
2 creatures vanquished.

Vanquished Creatures (others)
  Nikola (Spider:1)
  A tengu reaver (Depths:1)
  An ogre mage (Vaults:2)
  An unseen horror (Vaults:1)
  3 ugly things (D:14)
  An orb spider (Spider:2)
  2 redbacks (Spider:2)
  A tarantella (Spider:2)
  A human (Spider:1)
  6 spiders (Spider:2)
  An orc warrior (Vaults:3)
  2 orcs
  27 fungi
  3 lost souls
  34 plants
  7 tentacles (Shoals:2)
  609 tentacle segments (Shoals:2)
701 creatures vanquished.

Grand Total: 3457 creatures vanquished
